 Dungeon Crawl Stone Soup version 0.28-a0-247-gb8bfbab023 (webtiles) character file.

Game seed: 15046402648481185451

39 Manisian the Poker (level 3, -4/30 HPs)
             Began as a Hill Orc Gladiator on Aug 25, 2021.
             Frozen to death by an endoplasm (5 damage)
             ... on level 2 of the Dungeon on Aug 26, 2021.
             The game lasted 00:02:49 (1538 turns).

Manisian the Poker (Hill Orc Gladiator)             Turns: 1538, Time: 00:02:50

Health: -4/30      AC:  9    Str: 17    XL:     3   Next: 45%
Magic:  3/3        EV:  7    Int:  8    God:
Gold:   77         SH:  0    Dex: 12    Spells: 2/2 levels left

rFire   . . .      SeeInvis .   a - +0 trident
rCold   . . .      Faith    .   (no shield)
rNeg    . . .      Spirit   .   g - +0 chain mail
rPois   .          Reflect  .   c - +0 helmet
rElec   .          Harm     .   (no cloak)
rCorr   .          Rampage  .   (no gloves)
Will    .....                   (no boots)
Stlth   ..........              (no amulet)
HPRegen 0.10/turn               (no ring)
MPRegen 0.08/turn               (no ring)

@: no status effects
A: no striking features
a: no special abilities


You were on level 2 of the Dungeon.
You visited 1 branch of the dungeon, and saw 2 of its levels.

You collected 77 gold pieces.

Inventory:

Hand Weapons
 a - a +0 trident (weapon)
Missiles
 d - 3 throwing nets (quivered)
Armour
 b - a +0 leather armour
 c - a +0 helmet (worn)
 g - a +0 chain mail (worn)
Potions
 f - 2 potions of curing


   Skills:
 + Level 2.5 Fighting
 + Level 4.0 Polearms
 + Level 1.9 Throwing
 + Level 1.0 Armour
 + Level 2.7 Dodging
 + Level 0.2 Stealth


You had 2 spell levels left.
You didn't know any spells.
Your spell library contained the following spells:

 Spells                   Type           Power      Damage    Failure   Level
 Call Canine Familiar     Summ           0%         N/A       100%        3
 Portal Projectile        Hex/Tloc       0%         N/A       100%        3
 Leda's Liquefaction      Hex/Erth       0%         N/A       100%        4


Dungeon Overview and Level Annotations

Branches:
Dungeon (2/15)

Altars:
Jiyva


Message History

You are too injured to fight recklessly!
You are too injured to fight recklessly!
You are too injured to fight recklessly!
You closely miss the adder.
The adder is almost dead.
You feel sick. The endoplasm freezes you.
You are frozen.
* * * LOW HITPOINT WARNING * * *
The adder bites you.
* * * LOW HITPOINT WARNING * * *
You puncture the adder!
You kill the adder!
You feel sick.
The endoplasm hits you but does no damage. x2
Your Polearms skill increases to level 4!
Your Armour skill increases to level 1!
Unknown command.
You barely miss the endoplasm.
You feel sick. The endoplasm hits you.
* * * LOW HITPOINT WARNING * * *
Unknown command.
Your chain mail prevents you from hitting the endoplasm.
* * * LOW HITPOINT WARNING * * *
You feel sick.
The endoplasm hits you but does no damage.
You hit the endoplasm.
The endoplasm is lightly wounded.
* * * LOW HITPOINT WARNING * * *
You feel sick.
You are no longer poisoned.
The endoplasm hits you but does no damage.
Unknown command.
You barely miss the endoplasm.
The endoplasm is lightly wounded.
The endoplasm closely misses you.
You hit the endoplasm.
The endoplasm is severely wounded.
The endoplasm freezes you.
You are frozen.
You die...

##### ...####
#..J.#.#
######.@†...#
#....<.###.....
....###### ###
.


You could see an endoplasm.

Vanquished Creatures
  A jelly (D:1)
  An adder (D:2)
  A dart slug (D:1)
  A bat (D:1)
  4 endoplasms (D:1)
  A giant cockroach (D:1)
  2 goblins (D:1)
  A hobgoblin (D:1)
  2 jackals (D:1)
  A kobold (D:1)
  3 quokkas (D:1)
  3 ball pythons (D:1)
  6 frilled lizards (D:1)
27 creatures vanquished.

Vanquished Creatures (others)
  10 plants (D:1)
10 creatures vanquished.

Grand Total: 37 creatures vanquished

Notes
Turn   | Place    | Note
-------+----------+-------------------------------------------
     0 | D:1      | Manisian the Hill Orc Gladiator began the quest for the
                  | Orb.
     0 | D:1      | Reached XP level 1. HP: 18/18 MP: 1/1
   239 | D:1      | Reached XP level 2. HP: 25/25 MP: 2/2
   831 | D:1      | Reached XP level 3. HP: 30/30 MP: 3/3
  1182 | D:1      | Found a faded altar of an unknown god.
  1401 | D:1      | Became a worshipper of Jiyva Juycob the Shapeless
  1401 | D:1      | Reached * piety under Jiyva
  1402 | D:1      | Fell from the grace of Jiyva
  1534 | D:2      | Reached skill level 4 in Polearms
  1534 | D:2      | Reached skill level 1 in Armour
  1536 | D:2      | HP: 1/30 [poisoned by an adder]
  1538 | D:2      | Frozen to death by an endoplasm

Illustrated notes

Levels and vault maps discovered:
D:1:      eino_arrival_tree_alley, layout_loops_ring,
          dilly_ecumenical_altar_fadedgnrine
D:2:      layout_rooms, minmay_heptomino_l4, uniq_natasha

Skill      XL: |  1  2  3 |
---------------+----------+-----
Polearms       | 4 |  4.0
Armour         | 1 |  1.0
Fighting       | |  2.5
Throwing       | |  1.9
Dodging        | |  2.7
Stealth        | |  0.2

Action                   || total
-------------------------++-------
Melee: Trident           ||   103
Invok: Renounce Religion ||     1
  Use: Scroll            ||     1
 Stab: Sleeping          ||     3
Armor: Leather armour    ||    15
       Chain mail        ||     8
Dodge: Dodged            ||    58

Table legend: (Time is in decaauts)
 A = Elapsed time spent in this place.
 B = Non-inter-level travel time spent in this place.
 C = Inter-level travel time spent in this place.
 D = Time resting spent in this place.
 E = Time spent auto-exploring this place.
 F = Levels seen in this place.
 G = Mean time per level.
                   A        B        C        D        E       F      G
               +--------+--------+--------+--------+--------+-----+--------+
         Total |   1549 |   1428 |    121 |    400 |    716 |   2 |  774.5 |
       Dungeon |   1549 |   1428 |    121 |    400 |    716 |   2 |  774.5 |
               +--------+--------+--------+--------+--------+-----+--------+

Top non-repeatable levels by time:
     D:1: 1532 daAuts
     D:2: 17 daAuts
